Map: 寒冬之門 - 天梯版

Players

TIME (Oliveira) - Winner!

  • Race: Terran Terran
  • Spawn Location: 5:00

Lemon

  • Race: Zerg Zerg
  • Spawn Location: 11:00

VOD

Have the link to the VOD?

Description

Time

  • Played on: Sept. 6, 2019, 7:57 p.m.
  • Length: 13:54
Show
View Real Time Build Order
Export as new Build Order

TIME Terran - Winner!

Build Orders: Reaper Expand, Hellion Banshee 

Get SALT Encoding   

  12  0:00  SCV  
  13  0:13  SCV  
  14  0:17  Supply Depot  
  14  0:25  SCV  
  15  0:38  SCV  
  15  0:40  Barracks  
  16  0:43  Refinery  
  16  0:51  SCV  
  17  1:03  SCV  
  18  1:15  SCV  
  19  1:28  Orbital Command, Reaper  
  20  1:39  Command Center  
  20  1:48  Supply Depot  
  20  1:55  SCV  
  20  1:59  Marine  
  22  2:07  SCV  
  23  2:10  Factory  
  23  2:11  Refinery  
  23  2:19  SCV  
  23  2:20  Barracks Reactor  
  24  2:31  SCV  
  25  2:43  SCV  
  26  2:52  Orbital Command  
  26  2:55  SCV  
  26  2:56  Starport  
  27  3:02  Hellion x2  
  27  3:03  Barracks Tech Lab  
  31  3:07  SCV  
  32  3:18  SCV  
  32  3:19  SCV  
  34  3:22  Supply Depot  
  34  3:24  Hellion x2  
  38  3:30  SCV  
  38  3:31  SCV  
  40  3:38  Cloaking Field, Banshee  
  43  3:47  Supply Depot, Hellion  
  47  3:49  Hellion  
  47  3:52  Armory  
  47  3:53  SCV  
  47  3:55  SCV  
  49  3:57  Marine  
  50  4:06  SCV  
  50  4:07  SCV  
  50  4:08  Hellion  
  54  4:11  Hellion  
  54  4:12  Supply Depot  
  56  4:19  Barracks Tech Lab  
  56  4:20  SCV  
  56  4:21  SCV, Banshee  
  61  4:38  Command Center  
  61  4:42  Factory Reactor  
  61  4:43  Marine  
  61  4:45  Supply Depot  
  62  4:50  SCV, Stimpack  
  63  5:01  Marine  
  60  5:07  SCV  
  60  5:11  Barracks x2  
  58  5:16  Starport Reactor  
  58  5:20  SCV, Engineering Bay  
  58  5:21  Engineering Bay  
  55  5:22  SCV, Refinery  
  55  5:23  Refinery  
  55  5:24  Marine  
  51  5:29  Siege Tank  
  51  5:32  SCV  
  51  5:34  SCV  
  56  5:42  Marine  
  56  5:44  SCV  
  56  5:46  SCV  
  56  5:49  Terran Infantry Armor Level 1, Terran Infantry Weapons Level 1  
  59  5:53  Barracks  
  59  5:54  Barracks  
  59  5:55  Orbital Command  
  59  5:56  SCV  
  59  6:00  Marine x2  
  59  6:03  SCV  
  62  6:05  Siege Tank  
  62  6:10  SCV  
  66  6:14  Marine  
  66  6:17  Marine x2, Orbital Command, Medivac  
  71  6:19  Medivac  
  71  6:20  Marine  
  71  6:22  SCV  
  71  6:25  SCV  
  76  6:29  Marine  
  76  6:32  Marine  
  73  6:34  Combat Shield  
  73  6:36  SCV  
  73  6:38  SCV  
  73  6:39  Marine  
  77  6:42  Barracks Reactor x2  
  77  6:44  Marine  
  77  6:46  SCV  
  79  6:48  SCV  
  79  6:49  Marine  
  79  6:50  SCV  
  79  6:51  Supply Depot  
  82  6:56  Marine x2, Siege Tank  
  82  6:59  SCV  
  82  7:00  SCV  
  89  7:02  Marine  
  89  7:03  Marine, SCV  
  92  7:09  Marine  
  92  7:12  SCV x2, Medivac  
  92  7:13  Supply Depot, Refinery x2  
  92  7:14  Marine  
  98  7:17  Supply Depot  
  98  7:21  Marine  
  98  7:22  SCV  
  96  7:24  Marine  
  96  7:25  Marine x2  
  98  7:33  SCV x2  
  100  7:37  Marine x2, Factory  
  100  7:40  Supply Depot  
  100  7:47  Marine, SCV  
  100  7:48  Marine, SCV  
  100  7:49  Siege Tank  
  100  7:50  Marine  
  100  7:51  SCV  
  105  7:54  Marine, Terran Infantry Armor Level 2, Terran Infantry Weapons Level 2  
  106  7:58  Marine  
  106  7:59  SCV  
  106  8:00  Marine, SCV  
  106  8:03  SCV  
  106  8:05  Marine  
  106  8:14  Marine x6  
  106  8:16  SCV x3  
  106  8:18  Supply Depot  
  112  8:20  Marine, Supply Depot, Terran Vehicle Weapons Level 1  
  112  8:23  Siege Tank  
  116  8:28  Marine x2  
  116  8:29  Factory Tech Lab  
  116  8:30  SCV  
  116  8:32  Medivac  
  121  8:35  Marine x2  
  121  8:36  Marine x3  
  121  8:40  Marine, SCV  
  127  8:42  Marine, Supply Depot  
  127  8:43  Supply Depot  
  127  8:45  Medivac  
  130  8:51  SCV  
  130  8:52  Marine x3  
  130  8:53  Marine  
  130  8:55  Siege Tank  
  138  8:59  Marine x2, Sensor Tower  
  140  9:04  Siege Tank  
  141  9:11  Command Center  
  141  9:12  Marine x3  
  141  9:15  Marine x3, Supply Depot  
  147  9:18  Medivac  
  147  9:20  Marine, Medivac  
  152  9:25  Marine  
  152  9:27  Missile Turret x2  
  152  9:28  Missile Turret  
  152  9:31  Marine x3  
  154  9:37  Marine  
  154  9:38  Marine  
  150  9:40  Siege Tank  
  150  9:42  Marine  
  153  9:47  Marine x3  
  153  9:48  Medivac  
  153  9:51  Siege Tank  
  153  9:52  Marine  
  161  9:59  Marine  
  157  10:08  Marine x2  
  157  10:11  Marine x2  
  143  10:16  Thor  
  143  10:19  Marine x2  
  138  10:25  Terran Infantry Weapons Level 3  
  138  10:27  Marine x2  
  125  10:30  Marine x2  
  125  10:32  SCV  
  125  10:33  SCV  
  120  10:41  Marine  
  120  10:42  Marine  
  114  10:44  Marine x2  
  114  10:50  Marine x2  
  114  10:51  Marine x2  
  114  10:55  Marine  
  114  10:59  Marine  
  114  11:00  Marine  
  112  11:05  Marine  
  112  11:08  Medivac x2  
  112  11:09  Marine  
  105  11:12  SCV  
  105  11:13  SCV  
  105  11:20  SCV  
  105  11:24  Siege Tank, SCV  
  105  11:25  Marine  
  111  11:27  SCV  
  105  11:34  Marine  
  105  11:35  Marine x2  
  105  11:36  Marine  
  105  11:37  Marine  
  105  11:38  Marine x2  
  91  11:43  SCV x2  
  91  11:44  SCV  
  92  11:48  Planetary Fortress  
  92  11:51  Marine  
  89  11:55  SCV x2  
  89  11:56  Marine x2  
  89  11:57  Medivac x2  
  89  12:01  Marine  
  98  12:03  SCV  
  98  12:05  Missile Turret  
  98  12:07  SCV  
  98  12:08  Missile Turret  
  97  12:09  Marine x3  
  97  12:13  Siege Tank  
  97  12:14  Marine  
  104  12:16  Marine, SCV x2  
  104  12:18  Marine  
  104  12:20  Marine  
  109  12:23  Marine  
  109  12:25  Siege Tank  
  109  12:27  Medivac  
  112  12:30  Marine x3  
  112  12:31  SCV  
  112  12:32  SCV x2  
  112  12:33  Medivac  
  120  12:38  Marine  
  120  12:41  Marine  
  120  12:45  Siege Tank, SCV  
  120  12:46  Marine x3  
  120  12:50  Marine x2  
  129  12:54  Marine  
  129  12:56  Marine x2  
  129  12:57  Medivac  
  134  12:59  Marine, Siege Tank  
  134  13:04  Marine x3  
  140  13:08  Marine x2  
  140  13:12  Marine  
  143  13:14  Marine x2  
  143  13:17  Marine, Medivac  
  151  13:20  Siege Tank  
  151  13:21  Marine  
  151  13:24  SCV x2  
  154  13:27  Marine, Command Center  
  154  13:29  Supply Depot  
  154  13:31  Marine  
Show
View Real Time Build Order
Export as new Build Order

Lemon Zerg 

Build Orders: Hatch First, Muta Ling Bane 

Get SALT Encoding   

  12  0:00  Drone  
  13  0:12  Overlord  
  13  0:17  Drone  
  14  0:31  Drone x2  
  16  0:48  Hatchery  
  15  0:52  Drone  
  15  0:55  Drone  
  17  0:58  Drone  
  18  1:09  Extractor  
  17  1:13  Spawning Pool  
  17  1:16  Drone  
  17  1:19  Drone  
  18  1:28  Drone  
  19  1:39  Drone  
  20  1:50  Drone  
  21  2:00  Queen x2  
  25  2:01  Zergling x4  
  27  2:13  Hatchery  
  26  2:19  Overlord  
  26  2:22  Drone  
  27  2:25  Drone  
  28  2:31  Metabolic Boost  
  28  2:41  Drone x3  
  30  2:53  Overlord, Queen  
  30  2:54  Drone  
  33  2:59  Drone  
  33  3:00  Drone  
  35  3:14  Drone x3  
  35  3:15  Drone x2  
  35  3:18  Drone  
  41  3:24  Drone  
  41  3:25  Queen  
  44  3:27  Drone  
  44  3:28  Queen  
  44  3:31  Zergling x2  
  44  3:32  Zergling x2  
  49  3:39  Overlord  
  49  3:43  Overlord  
  49  3:58  Drone x7  
  49  4:00  Drone  
  57  4:03  Spore Crawler  
  57  4:04  Queen  
  57  4:05  Spore Crawler  
  57  4:06  Zergling x6  
  60  4:12  Queen  
  60  4:14  Overlord  
  60  4:15  Drone  
  63  4:21  Drone x2  
  65  4:25  Spore Crawler, Overlord  
  65  4:29  Drone  
  65  4:33  Zergling x8  
  65  4:35  Lair  
  69  4:40  Zergling x2  
  70  4:48  Queen  
  72  4:55  Queen  
  72  5:05  Zergling x24  
  64  5:19  Drone x6  
  67  5:23  Queen  
  67  5:27  Drone x2  
  71  5:29  Drone  
  71  5:34  Baneling Nest  
  71  5:41  Queen  
  71  5:42  Drone x3  
  76  5:44  Extractor x2  
  76  5:45  Evolution Chamber  
  76  5:46  Evolution Chamber  
  76  5:48  Overseer  
  76  5:49  Overlord x2  
  72  5:51  Drone  
  72  5:52  Drone x3  
  72  5:55  Drone  
  77  5:57  Overlord  
  77  5:59  Drone  
  77  6:00  Drone  
  77  6:01  Drone  
  77  6:02  Queen  
  81  6:09  Drone x3  
  82  6:14  Zerg Melee Weapons Level 1, Extractor  
  82  6:15  Zerg Ground Armor Level 1  
  82  6:17  Extractor  
  80  6:19  Extractor  
  80  6:20  Drone  
  80  6:21  Drone x5  
  84  6:32  Zergling x10  
  81  6:44  Spire  
  81  6:46  Drone x4  
  84  6:47  Hatchery  
  84  6:48  Drone  
  84  6:49  Drone  
  84  6:53  Zergling x2, Drone  
  91  6:54  Zergling x8  
  91  6:55  Hatchery  
  91  7:01  Zergling x8  
  91  7:08  Overlord x2  
  94  7:14  Zergling x4  
  96  7:21  Zergling x2  
  96  7:22  Zergling x12  
  102  7:30  Zergling x6  
  102  7:31  Zergling x4  
  102  7:34  Baneling x7  
  105  7:44  Zergling x2  
  105  7:45  Zergling x6, Hatchery  
  105  7:49  Zergling x6  
  102  7:54  Zergling x10  
  102  7:56  Zerg Flyer Weapons Level 1  
  96  8:09  Zergling x12  
  93  8:14  Zergling x8  
  93  8:16  Baneling x15  
  95  8:24  Overlord x7  
  93  8:32  Centrifical Hooks  
  92  8:36  Mutalisk  
  92  8:38  Zerg Melee Weapons Level 2, Zerg Ground Armor Level 2  
  94  8:42  Mutalisk  
  94  8:43  Mutalisk x3  
  94  8:46  Drone x2  
  104  8:52  Mutalisk x2  
  104  8:53  Drone  
  104  8:54  Drone  
  109  8:58  Mutalisk  
  109  9:00  Mutalisk  
  113  9:09  Drone x8  
  121  9:14  Mutalisk  
  123  9:21  Drone x10  
  133  9:26  Mutalisk  
  135  9:32  Mutalisk  
  135  9:37  Mutalisk  
  139  9:39  Mutalisk  
  139  9:44  Zergling x2  
  139  9:45  Zergling x18  
  151  9:49  Zergling x6, Baneling  
  151  9:52  Hatchery  
  153  9:54  Zergling x8  
  153  9:59  Zergling x4  
  157  10:03  Zergling x8  
  154  10:14  Zergling x18  
  155  10:17  Zergling x2  
  155  10:18  Zergling x4  
  151  10:21  Hatchery  
  144  10:30  Overlord x2  
  144  10:31  Overlord x2  
  144  10:33  Infestation Pit  
  136  10:40  Zergling x8  
  136  10:41  Baneling  
  135  10:47  Zergling x2  
  135  10:48  Zergling x4  
  134  10:58  Zergling x8  
  129  11:07  Zergling x4  
  129  11:10  Baneling  
  129  11:11  Baneling x18  
  109  11:16  Zergling x8  
  101  11:19  Zergling x4  
  101  11:25  Mutalisk x2  
  99  11:35  Zergling x12  
  99  11:39  Mutalisk  
  89  11:40  Mutalisk  
  86  11:47  Mutalisk  
  86  11:49  Overseer  
  86  11:51  Zergling x6, Hatchery  
  86  11:53  Baneling  
  90  12:03  Zergling x2  
  90  12:04  Zergling x8  
  94  12:09  Mutalisk  
  94  12:13  Zergling x2  
  94  12:14  Zergling x2  
  98  12:18  Hatchery  
  98  12:20  Zergling x4  
  97  12:24  Zergling x2  
  97  12:25  Zergling x4  
  97  12:29  Zergling x2  
  98  12:33  Zergling x2, Baneling x6  
  98  12:34  Zergling x2  
  100  12:41  Mutalisk  
  100  12:45  Zergling x2  
  100  12:46  Zergling x4  
  100  12:49  Zergling x4  
  105  12:57  Zergling x2  
  105  12:58  Zergling x4  
  108  13:00  Hatchery  
  108  13:03  Zergling x2  
  104  13:08  Mutalisk x4  
  108  13:14  Mutalisk  
  108  13:16  Extractor  
  108  13:18  Zergling x6  
  112  13:26  Zergling x4  
  113  13:29  Zergling x2  
  113  13:31  Baneling  
Tags
 
Add a new tag
Caveats
  • Supply blocks, unpowered buildings, or Contaminate may cause inaccurate times.
  • Supply counts are checked every 10 seconds.